 Dungeon Crawl Stone Soup version 0.27-a0-1280-g9d2d252d84 (webtiles) character file.

Game seed: 10470702268721954356

245294 Froggeryz the Warrior (level 20, -27/166 HPs)
             Began as a Djinni Air Elementalist on June 12, 2021.
             Was a High Priest of Ashenzari.
             Annihilated by an ironbound preserver (30 damage)
             ... on level 1 of the Vaults on June 13, 2021.
             The game lasted 01:54:17 (63988 turns).

Froggeryz the Warrior (Djinni Air Elementalist)    Turns: 63988, Time: 01:54:18

Health: -27/166    AC:  8    Str:  9    XL:     20   Next: 25%
Gold:   5360       EV: 23    Int: 26    God:    Ashenzari [*****.] SH:  5 Dex: 15

rFire    + + +     SeeInvis +     - Unarmed
rCold    . . .     Faith    .   (shield currently unavailable)
rNeg     . . .     Spirit   .   g - +1 robe "Irritation of Ashenzari" {Will+, Cun, Self} (curse)
rPois    ∞         Reflect  +   O - +1 helmet "Chained Pessimism" {rF+ Int+3, Cun, Self} (curse)
rElec    .         Harm     .   w - +0 cloak of the Ruined Planets {Evo, Melee} (curse)
rCorr    .         Rampage  .   (gloves currently unavailable)
Will     +++..     Clarity  +   (boots unavailable)
Stlth    ++++++....             X - amulet of Ashenzari's Disgust {Reflect SH+5, Cun, Fort} (curse)
HPRegen  0.37/turn              a - ring of the Cursed Discomfort {rC+, Self, Cun} (curse)
MPRegen  0.00/turn              B - ring "Gaze Upon Infinity" {Wiz, Fort, Self} (curse)

@: about to teleport, blade hands, frozen, flying, studying Fighting, very slow
A: flying, sickness immunity, fire resistance 2, cold vulnerability 1, float,
innate caster, hp casting, extra vitality 1
}: 2/15 runes: serpentine, barnacled
a: End Transformation, Renounce Religion, Curse Item, Shatter the Chains


You were on level 1 of the Vaults.
You worshipped Ashenzari.
Ashenzari was extremely pleased with you.
You had blades for hands.
You visited 6 branches of the dungeon, and saw 32 of its levels.
You also visited: Gauntlet and Volcano.

You collected 6549 gold pieces.
You spent 1189 gold pieces at shops.

Inventory:

Missiles
 l - 16 curare-tipped darts
 u - 5 throwing nets
 K - 8 boomerangs of dispersal
Armour
 d - a +0 kite shield (melded)
 g - the cursed +1 robe "Irritation of Ashenzari" (worn) {Will+, Cun, Self}
   (You took it off Sigmund on level 2 of the Dungeon)

   It has a curse which improves the following skills: Cunning: Dodging and
   Stealth.
   Introspection: Fighting and Spellcasting.
 h - the +5 ring mail of Dimauveesk {rF+ Str+4 Slay+3}
   (You found it on level 8 of the Dungeon)

   It affects your strength (+4).
   It affects your accuracy and damage with ranged weapons and melee attacks
   (+3).
   It protects you from fire.
 w - the cursed +0 cloak of the Ruined Planets (worn) {Evo, Melee}
   (You found it on level 6 of the Dungeon)

   It has a curse which improves the following skills: Evocations: Evocations.
   Melee Combat: Short Blades, Long Blades, Axes, Maces & Flails, Polearms,
   Staves and Unarmed Combat.
 E - a +1 robe of cold resistance
 O - the cursed +1 helmet "Chained Pessimism" (worn) {rF+ Int+3, Cun, Self}
   (You found it in a Gauntlet)

   It affects your intelligence (+3).
   It protects you from fire.
   It has a curse which improves the following skills: Cunning: Dodging and
   Stealth.
   Introspection: Fighting and Spellcasting.
 Z - the cursed +2 pair of gloves "Restrained Together" (melded) {Dex+3, Cun, Melee}
   (You bought it in a shop on level 1 of the Snake Pit)

   It has a curse which improves the following skills: Cunning: Dodging and
   Stealth.
   Melee Combat: Short Blades, Long Blades, Axes, Maces & Flails, Polearms,
   Staves and Unarmed Combat.
Magical Staves
 s - a cursed staff of conjuration (melded) {Cun, Self}
Jewellery
 a - the cursed ring of the Cursed Discomfort (left blade hand) {rC+, Self, Cun}
   (You found it on level 7 of the Dungeon)

   [ring of protection from cold]

   It protects you from cold.
   It has a curse which improves the following skills: Introspection: Fighting
   and Spellcasting.
   Cunning:   Dodging and Stealth.
 B - the cursed ring "Gaze Upon Infinity" (right blade hand) {Wiz, Fort, Self}
   (You found it on level 2 of the Lair of Beasts)

   [ring of wizardry]

   It improves your spell success rate.
   It has a curse which improves the following skills: Fortitude: Armour and
   Shields.
   Introspection: Fighting and Spellcasting.
 D - a ring of ice
 F - a ring of resist corrosion
 J - a ring of fire
 L - an amulet of regeneration
 N - a +4 ring of slaying
 P - the ring of Obsession {+Blink rPois rCorr MP+9 Dex+2}
   (You found it in a Gauntlet)

   [ring of magical power]

   It affects your dexterity (+2).
   It protects you from poison.
   It affects your magic capacity (+9).
   It lets you blink.
   It protects you from acid and corrosion.
 Q - the ring of the Salmon {Fire Fly rCorr SInv Stlth-}
   (You took it off a minotaur in a Gauntlet)

   [ring of fire]

   It enhances your fire magic.
   It protects you from fire.
   It makes you vulnerable to cold.
   It lets you see invisible.
   It grants you flight.
   It protects you from acid and corrosion.
   It makes you less stealthy.
 S - a ring of willpower
 X - the cursed amulet of Ashenzari's Disgust (around neck) {Reflect SH+5, Cun, Fort}
   (You bought it in a shop on level 1 of the Snake Pit)

   [amulet of reflection]

   It reflects blocked missile attacks.
   It affects your SH (+5).
   It has a curse which improves the following skills: Cunning: Dodging and
   Stealth.
   Fortitude: Armour and Shields.
Wands
 q - a wand of iceblast (42)
 r - a wand of acid (13)
 x - a wand of digging (15)
 C - a wand of flame (37)
 I - a wand of paralysis (7)
 R - a wand of polymorph (22)
 V - a wand of mindburst (19)
Scrolls
 b - 3 scrolls of enchant weapon
 e - 11 scrolls of teleportation
 f - 5 scrolls of magic mapping
 i - 3 scrolls of fog
 j - 2 scrolls of summoning
 n - 9 scrolls of immolation
 v - a scroll of silence
 A - 3 scrolls of brand weapon
 M - 5 scrolls of enchant armour
 Y - 2 scrolls of fear
Potions
 c - 6 potions of brilliance
 k - 2 potions of might
 p - 3 potions of invisibility
 t - 2 potions of resistance
 z - 3 potions of berserk rage
 G - a potion of curing
 H - 4 potions of haste
 T - a potion of ambrosia
 U - 2 potions of mutation
 W - a potion of magic
Miscellaneous
 y - a condenser vane


   Skills:
 - Level 15.6(21.2) Fighting
 - Level 6.0(8.7) Staves
 - Level 8.4(12.3) Armour
 - Level 13.8(19.5) Dodging
 - Level 8.6(14.6) Stealth
 - Level 12.6(16.2) Shields
 + Level 14.7(16.9) Unarmed Combat
 - Level 13.4(19.2) Spellcasting


You had 5 spell levels left.
You knew the following spells:

 Your Spells              Type           Power      Damage    Failure   Level
a - Shock                 Conj/Air       100%       1d9       1%          1
b - Static Discharge      Conj/Air       90%        N/A       1%          2
c - Swiftness             Air            90%        N/A       1%          3
d - Airstrike             Air            45%        N/A       1%          4
e - Lightning Bolt        Conj/Air       45%        1d65      1%          5
f - Summon Small Mammal   Summ           100%       N/A       1%          1
g - Poisonous Vapours     Pois/Air       100%       N/A       1%          2
h - Stone Arrow           Conj/Erth      100%       3d13      1%          3
i - Lesser Beckoning      Tloc           45%        N/A       1%          3
j - Freezing Cloud        Conj/Ice/Air   45%        6-21      1%          5
k - Silence               Hex/Air        45%        N/A       1%          5
l - Invisibility          Hex            45%        N/A       2%          6
m - Blade Hands           Tmut           45%        N/A       2%          6
n - Iron Shot             Conj/Erth      45%        9d9       2%          6
Your spell library was empty.

Dungeon Overview and Level Annotations

Branches:
Dungeon (15/15)            Temple (0/1) D:6            Lair (6/6) D:9
 Shoals (4/4) Lair:2        Snake (4/4) Lair:3        Slime (0/5) Lair:5
    Orc (2/2) D:10            Elf (0/3) Orc:2        Vaults (1/5) D:13
 Depths (0/5) D:15        Volcano (visited)         Gauntlet (visited)

Altars:
Ashenzari
Cheibriados
Dithmenos
Elyvilon
Gozag
Kikubaaqudgha
Ru
Trog
Yredelemnul
Zin
The Shining One
Jiyva

Shops:
Orc:2 *[(:   Snake:1 ?[[=

Portals:
Trove: D:13 (give 17 potions of curing)

Annotations:
D:8 1 runed translucent door, Phantomfrettchen's ghost, novice DsCK
D:10 2 transporters, Fama's ghost, journeyman TeAE
D:13 3 runed translucent doors, Simpacva's ghost, journeyman SpEn


Innate Abilities, Weirdness & Mutations

You have blades for hands.
You are flying.
Your spellcasting is less reliable in this form.
You are incapable of wielding weapons or throwing items.
You are immune to sickness and miasma.
You are immune to poison.
Your flesh is very heat resistant. (rF++)
You are vulnerable to cold. (rC-)
You float through the air rather than walking.
You learn spells naturally, not from books.
Your magical power is your life essence.
You have superior vitality. (+4 HP)


Message History

The ironbound frostheart touches you. The ironbound frostheart freezes you!!
The sphinx casts a spell.
Something smites you!
The ironbound preserver gestures wildly while chanting.
The ironbound preserver begins to accept its allies' injuries.
You slice the ironbound frostheart!!
The ironbound frostheart is moderately wounded.
The ironbound frostheart touches you! The ironbound frostheart freezes you!!
You shred the ironbound frostheart!!!
The ironbound frostheart is heavily wounded.
The ironbound preserver closely misses you.
You slash the ironbound frostheart!
The ironbound frostheart is heavily wounded.
The ironbound convoker is recalled.
The vault sentinel is recalled.
The centaur warrior is recalled.
A deep troll comes into view.
The ironbound frostheart barely misses you.
The ironbound preserver misses you.
A vault sentinel comes into view. It is wielding a +0 war axe.
An ironbound convoker comes into view. It is wielding a +0 great mace.
You slice the ironbound frostheart!!
The ironbound frostheart is severely wounded.
The ironbound frostheart touches you! The ironbound frostheart freezes you!!
* * * LOW HITPOINT WARNING * * *
The ironbound preserver hits you with a +0 great mace!
* * * LOW HITPOINT WARNING * * *
Okay, then.
Okay, then.
Okay, then.
As you read the scroll of teleportation, it crumbles to dust.
You feel strangely unstable.
A centaur warrior comes into view.
The ironbound convoker gestures at the centaur warrior while chanting.
The centaur warrior seems to grow stronger.
The ironbound frostheart calls freezing cold from the walls.
The frost grips you!!
* * * LOW HITPOINT WARNING * * *
You are encased in ice.
The ironbound preserver hits you with a +0 great mace!!
You die...

#########################
#........................
#........................
#........................
#..##'###################
#..##.....###############
#..##..p@.#..############
#..####p###. * ##
#..###Hpcc#., #
#..###pT..+. * # #..#
#.p..#** # #..# #.....,,
# * #......{* # *
########* * # *,, * #


You could see an ironbound preserver, a sphinx (sheltered), a yaktaur captain
(sheltered), an ironbound frostheart (sheltered), a centaur warrior (strong), a
deep troll, a vault sentinel and 2 ironbound convokers.

Vanquished Creatures
  Rupert (D:14)
  Frances (D:14)
  A kraken (Shoals:2)
  Kirke (D:15)
  Ilsuiw (Shoals:3)
  5 nagarajas (Snake:4)
  Louise (Snake:3)
  An orc warlord (Orc:2)
  Aizul (Snake:2)
  Nessos (D:13)
  A minotaur (Gauntlet)
  Azrael (Orc:2)
  5 merfolk javelineers (Shoals:4)
  11 merfolk impalers
  Josephine (D:14)
  Fannar (Lair:2)
  12 naga warriors
  4 boulder beetles
  9 anacondas
  A centaur warrior (D:14)
  14 hydras
  A merfolk aquamancer (Shoals:2)
  2 salamander tyrants (Snake:4)
  2 catoblepae
  3 death knights
  6 merfolk avatars
  2 alligator snapping turtles
  2 dancing weapons (D:13)
  2 satyrs (Shoals:4)
  7 two-headed ogres
  A deep troll shaman (Lair:6)
  7 death yaks
  A death scarab (Gauntlet)
  2 tengu warriors (D:15)
  3 alligators (Shoals:2)
  A vampire mage (D:15)
  2 orc high priests (Orc:2)
  Urug (D:10)
  19 naga sharpshooters
  4 shock serpents
  Nergalle (Orc:1)
  13 skeletal warriors
  4 salamander mystics (Snake:4)
  8 sea snakes
  2 wizards
  8 naga ritualists
  2 glowing orange brains (shapeshifter)
  An orange crystal statue (D:12)
  A wolf spider zombie (D:13)
  A tengu zombie (D:15)
  4 mana vipers
  A spectral hydra (Gauntlet)
  A kraken simulacrum (Shoals:4)
  A lindwurm (Lair:6)
  16 harpies
  A deep elf pyromancer (D:12)
  3 ugly things (Volcano)
  6 orc knights
  3 necromancers
  A fire giant zombie (D:15)
  A faun (Shoals:2)
  4 oklob plants (Lair:3)
  9 orc sorcerers
  A stone giant zombie (D:15)
  12 salamanders
  2 human zombies (Vaults:1)
  Maurice (Orc:1)
  3 cyclopes
  14 manticores
  21 naga magi
  7 elephants
  A smoke demon (Volcano)
  A black mamba (shapeshifter) (Gauntlet)
  A fire giant skeleton (Vaults:1)
  6 merfolk sirens
  26 black mambas
  7 water nymphs
  3 gargoyles
  4 guardian serpents
  A cane toad (shapeshifter) (D:14)
  13 cane toads
  Maggie (Lair:2)
  4 rime drakes
  Psyche (D:10)
  8 komodo dragons
  2 guardian mummies
  A kobold demonologist (D:7)
  A tengu conjurer (D:14)
  5 freezing wraiths
  3 unseen horrors
  A yaktaur (D:15)
  An efreet (D:14)
  2 minotaur zombies (Gauntlet)
  A red devil (Volcano)
  6 meliai
  6 trolls
  19 merfolk
  3 polar bears
  4 wind drakes
  10 snapping turtles
  18 blink frogs
  10 dream sheep
  An ettin zombie (D:15)
  3 slime creatures (D:14)
  A centaur simulacrum (D:15)
  A shadow (D:10)
  Sigmund (D:2)
  6 wraiths
  71 yaks
  6 water elementals
  6 hogs (D:15)
  6 wyverns
  2 fire elementals (Orc:1)
  16 vampire mosquitoes
  8 basilisks
  2 steam dragons (D:8)
  4 wargs
  42 nagas
  Duvessa (D:5)
  2 acid dragons
  13 water moccasins
  5 hell hounds
  34 orc warriors
  A black bear (shapeshifter) (D:15)
  A hornet zombie (D:8)
  3 ice beasts
  A sky beast (D:7)
  3 black bears
  A necrophage (D:6)
  A sky beast (shapeshifter) (Gauntlet)
  7 ogres
  29 wolves
  6 centaurs
  2 kobold brigands
  4 scorpions
  15 bullfrogs
  2 gnoll sergeants
  Dowan (D:5)
  3 killer bees (D:4)
  14 wights
  4 electric eels (Lair:6)
  2 howler monkeys
  13 centaur zombies
  A jelly (D:6)
  A bullfrog zombie (D:6)
  A gnoll shaman (D:4)
  8 orc priests
  A centaur skeleton (D:4)
  A hound (D:4)
  2 bullfrog skeletons
  Jessica (D:2)
  2 iguanas
  Natasha (thrice) (D:3)
  Terence (D:3)
  23 orc wizards
  A hound skeleton (D:5)
  3 mummies (D:13)
  22 gnolls
  6 adders
  A white imp (D:7)
  A worm (D:3)
  4 dart slugs
  61 orcs
  7 endoplasms
  6 giant cockroaches
  7 goblins
  8 hobgoblins
  12 jackals
  3 quokkas
  5 ball pythons
  5 bats
  8 frilled lizards
  13 kobolds
  8 rats
  A tentacle (Shoals:2)
1036 creatures vanquished.

Vanquished Creatures (others)
  A merfolk aquamancer (Shoals:4)
  A snapping turtle (Shoals:4)
  39 demonic plants (Gauntlet)
  34 fungi
  131 plants
  3 tentacles (Shoals:2)
  9 withered plants
218 creatures vanquished.

Grand Total: 1254 creatures vanquished

Notes
Turn   | Place    | Note
-------+----------+-------------------------------------------
     0 | D:1      | Froggeryz the Djinni Air Elementalist began the quest for
                  | the Orb.
     0 | D:1      | Reached XP level 1. HP: 15/15 MP: 0/0
   358 | D:1      | Reached XP level 2. HP: 19/21 MP: 0/0
   865 | D:1      | Reached XP level 3. HP: 21/25 MP: 0/0
   865 | D:1      | Learned a level 1 spell: Summon Small Mammal
  1792 | D:2      | Found a faded altar of an unknown god.
  1864 | D:2      | Reached XP level 4. HP: 21/31 MP: 0/0
  2077 | D:2      | Noticed Sigmund
  2136 | D:2      | Killed Sigmund
  2137 | D:2      | Reached XP level 5. HP: 9/35 MP: 0/0
  2137 | D:2      | Learned a level 2 spell: Poisonous Vapours
  2137 | D:2      | Reached XP level 6. HP: 11/40 MP: 0/0
  2417 | D:2      | Noticed Jessica
  2419 | D:2      | Killed Jessica
  2420 | D:2      | Reached skill level 5 in Spellcasting
  3263 | D:3      | Noticed Natasha
  3276 | D:3      | Killed Natasha
  3342 | D:3      | Noticed Natasha
  3345 | D:3      | Killed Natasha
  3540 | D:3      | Found a white marble altar of Elyvilon.
  3556 | D:3      | Found a broken altar of Ashenzari.
  3721 | D:3      | Noticed Terence
  3728 | D:3      | Killed Terence
  3729 | D:3      | Reached XP level 7. HP: 42/45 MP: 0/0
  3729 | D:3      | Learned a level 3 spell: Stone Arrow
  3749 | D:3      | Noticed Natasha
  3756 | D:3      | Killed Natasha
  3802 | D:3      | Found a basalt altar of Yredelemnul.
  4176 | D:3      | Found a glowing golden altar of the Shining One.
  4179 | D:3      | Noticed an angel
  4261 | D:3      | Became a worshipper of Ashenzari the Shackled
  4799 | D:4      | Reached XP level 8. HP: 30/50 MP: 0/0
  5666 | D:5      | Entered Level 5 of the Dungeon
  6072 | D:5      | Found a bloodstained altar of Trog.
  6169 | D:5      | Reached skill level 5 in Dodging
  6409 | D:5      | Noticed Dowan
  6411 | D:5      | Noticed Duvessa
  6420 | D:5      | Killed Dowan
  6422 | D:5      | Killed Duvessa
  7242 | D:6      | Reached skill level 1 in Fighting
  7254 | D:6      | Reached skill level 2 in Fighting
  7254 | D:6      | Reached XP level 9. HP: 33/59 MP: 0/0
  7254 | D:6      | Learned a level 3 spell: Lesser Beckoning
  7492 | D:6      | Reached skill level 3 in Fighting
  7813 | D:6      | Reached skill level 4 in Fighting
  8020 | D:6      | Found a snail-covered altar of Cheibriados.
  8117 | D:6      | Found an opulent altar of Gozag.
  8302 | D:6      | Reached skill level 5 in Fighting
  8460 | D:6      | Found a staircase to the Ecumenical Temple.
  8923 | D:7      | Noticed a troll
  8924 | D:7      | Noticed a troll
  8924 | D:7      | Noticed a manticore
  9052 | D:6      | Killed a troll
  9053 | D:6      | Reached skill level 6 in Fighting
  9514 | D:7      | Noticed a kobold demonologist
  9521 | D:7      | Killed a kobold demonologist
  9522 | D:7      | Reached XP level 10. HP: 59/75 MP: 0/0
  9527 | D:7      | Reached skill level 7 in Fighting
  9608 | D:7      | Noticed a gargoyle
  9773 | D:7      | Killed a manticore
  9801 | D:7      | Killed a gargoyle
  9802 | D:7      | Reached skill level 8 in Fighting
  9916 | D:7      | Noticed a two-headed ogre
 10006 | D:7      | Killed a two-headed ogre
 10110 | D:7      | Reached skill level 9 in Fighting
 10859 | D:8      | Noticed Phantomfrettchen's ghost (novice DsCK)
 10867 | D:8      | Found a runed translucent door.
 11076 | D:8      | Noticed a two-headed ogre
 11376 | D:8      | Identified the +5 ring mail of Dimauveesk {rF+ Str+4
                  | Slay+3}
 11539 | D:8      | Reached XP level 11. HP: 77/85 MP: 0/0
 11539 | D:8      | Learned a level 5 spell: Freezing Cloud
 11622 | D:8      | Killed a two-headed ogre
 11623 | D:8      | Reached skill level 10 in Fighting
 12997 | D:9      | Noticed a two-headed ogre
 13005 | D:9      | Killed a two-headed ogre
 13006 | D:9      | Reached skill level 11 in Fighting
 13088 | D:9      | Noticed a two-headed ogre
 13230 | D:9      | Found a staircase to the Lair.
 13382 | D:9      | Found a glowing silver altar of Zin.
 13384 | D:9      | Found a sacrificial altar of Ru.
 13384 | D:9      | Noticed a two-headed ogre
 13401 | D:9      | Killed a two-headed ogre
 14114 | D:9      | Killed a two-headed ogre
 14487 | Lair:1   | Entered Level 1 of the Lair of Beasts
 14529 | Lair:1   | Reached XP level 12. HP: 73/94 MP: 0/0
 14634 | Lair:1   | Reached skill level 5 in Shields
 14864 | Lair:1   | Identified the +1 arbalest "Bumookle" {vorpal, +Blink rC+++
                  | Dex-5 SInv}
 14922 | Lair:1   | Identified a scroll of acquirement
 14959 | Lair:1   | Identified the Collected Works on Harmful Earth
 14978 | Lair:1   | Reached skill level 1 in Armour
 15230 | Lair:1   | Identified the ring of Coanny {Wiz *Slow Fly rPois}
 15660 | Lair:2   | Reached * piety under Ashenzari
 16032 | Lair:2   | Noticed Fannar
 16041 | Lair:2   | Killed Fannar
 16182 | Lair:2   | Found a staircase to the Shoals.
 16341 | Lair:2   | Noticed Maggie
 16346 | Lair:2   | Killed Maggie
 16428 | Lair:2   | Reached ** piety under Ashenzari
 16563 | Lair:2   | Reached skill level 5 in Armour
 16564 | Lair:2   | Reached skill level 5 in Stealth
 16601 | Lair:2   | Noticed a six-headed hydra
 16609 | Lair:2   | Killed a six-headed hydra
 17275 | Lair:3   | Reached XP level 13. HP: 90/104 MP: 0/0
 17275 | Lair:3   | Learned a level 5 spell: Silence
 17307 | Lair:3   | Noticed an eight-headed hydra
 17314 | Lair:3   | Killed an eight-headed hydra
 17481 | Lair:3   | Found a dark tunnel.
 17484 | Volcano  | Entered a volcano
 17493 | Volcano  | Reached *** piety under Ashenzari
 18663 | Lair:3   | Found a staircase to the Snake Pit.
 19663 | Lair:4   | Reached skill level 10 in Spellcasting
 19892 | Lair:4   | Reached XP level 14. HP: 63/114 MP: 0/0
 20748 | Lair:5   | Reached skill level 12 in Fighting
 21758 | Lair:5   | Acquired a manual of Fighting
 21760 | Lair:5   | Acquired 1303 gold pieces
 21762 | Lair:5   | Acquired 892 gold pieces
 21769 | Lair:5   | Found a staircase to the Slime Pits.
 21770 | Lair:5   | Found a viscous altar of Jiyva.
 22104 | Lair:6   | Entered Level 6 of the Lair of Beasts
 22583 | Lair:6   | Reached skill level 13 in Fighting
 22980 | Lair:6   | Reached skill level 10 in Dodging
 24120 | Lair:6   | Reached XP level 15. HP: 110/126 MP: 0/0
 24120 | Lair:6   | Learned a level 6 spell: Invisibility
 24454 | Lair:6   | Reached skill level 14 in Fighting
 25023 | Lair:6   | Reached **** piety under Ashenzari
 26026 | D:10     | Entered Level 10 of the Dungeon
 26284 | D:10     | Found a staircase to the Orcish Mines.
 26403 | D:10     | Reached ***** piety under Ashenzari
 26407 | D:10     | Found a transporter.
 26422 | D:10     | Noticed Fama's ghost (journeyman TeAE)
 26423 | D:10     | Identified the +3 pair of boots "Laeke" {Fly rF+ Int-5}
 26562 | D:10     | Found a transporter.
 26643 | D:10     | Noticed Psyche
 26646 | D:10     | Killed Psyche
 26777 | D:10     | Noticed Urug
 26787 | D:10     | Killed Urug
 27803 | Orc:1    | Entered Level 1 of the Orcish Mines
 27803 | Orc:1    | Noticed Nergalle
 27807 | Orc:1    | Killed Nergalle
 27926 | Orc:1    | Reached skill level 15 in Fighting
 27943 | Orc:1    | Paralysed by an orc sorcerer for 6 turns
 28363 | Orc:2    | Entered Level 2 of the Orcish Mines
 29018 | Orc:2    | Noticed Azrael
 29024 | Orc:2    | Killed Azrael
 29628 | Orc:2    | Noticed an orc warlord
 29636 | Orc:2    | Killed an orc warlord
 30189 | Orc:2    | Found Qasi's Antique Weapon Boutique.
 30287 | Orc:2    | Found Zeybran's Antique Armour Emporium.
 30328 | Orc:2    | Reached skill level 1 in Staves
 30328 | Orc:2    | Reached XP level 16. HP: 100/140 MP: 0/0
 30453 | Orc:2    | Found Esiunudu's General Store.
 30461 | Orc:2    | Bought a scroll of blinking for 105 gold pieces
 30468 | Orc:2    | Found Cealet's Book Emporium.
 30519 | Orc:2    | Found a staircase to the Elven Halls.
 31039 | Orc:1    | Noticed Maurice
 31046 | Orc:1    | Killed Maurice
 34158 | D:12     | Identified the +0 robe of Mental Paralysis {Str+3 Dex+3}
 34865 | D:13     | Found a portal to a secret trove of treasure.
 35143 | D:13     | Noticed Nessos
 35151 | D:13     | HP: 5/140 [Nessos/arrow (3)]
 35154 | D:13     | Killed Nessos
 35752 | D:13     | Found a runed translucent gate.
 35753 | D:13     | Found a runed translucent gate.
 35753 | D:13     | Noticed Simpacva's ghost (journeyman SpEn)
 35754 | D:13     | Found a runed translucent gate.
 36077 | D:13     | Found a gate to the Vaults.
 37348 | D:14     | Noticed Josephine
 37352 | D:14     | Killed Josephine
 37740 | D:14     | Noticed Rupert
 37742 | D:14     | Reached skill level 5 in Staves
 37751 | D:14     | Killed Rupert
 38836 | D:14     | Noticed Frances
 38845 | D:14     | Killed Frances
 39119 | D:14     | Reached XP level 17. HP: 98/146 MP: 0/0
 39119 | D:14     | Learned a level 6 spell: Blade Hands
 39313 | D:14     | Identified the cursed +0 buckler "Paranoia of Ashenzari"
                  | {Fort, Evo} (You took it off a gnoll sergeant on level 9 of
                  | the Dungeon)
 39670 | D:15     | Entered Level 15 of the Dungeon
 39805 | D:15     | Reached skill level 1 in Unarmed Combat
 40177 | D:15     | Found a staircase to the Depths.
 40228 | D:15     | Found a gate leading to a gauntlet.
 40237 | Gauntlet | Entered a Gauntlet
 40237 | Gauntlet | Found a transporter.
 40260 | Gauntlet | Found a transporter.
 40269 | Gauntlet | Upgraded the game from 0.27-a0-1277-g3808f8b1c9 to
                  | 0.27-a0-1280-g9d2d252d84
 40272 | Gauntlet | Found a transporter.
 40280 | Gauntlet | Found a transporter.
 40295 | Gauntlet | Found a transporter.
 40315 | Gauntlet | Found a transporter.
 40330 | Gauntlet | Found a transporter.
 40339 | Gauntlet | Identified the ring of Obsession {+Blink rPois rCorr MP+9
                  | Dex+2}
 40339 | Gauntlet | Found a transporter.
 40344 | Gauntlet | Found a transporter.
 40344 | Gauntlet | Found a transporter.
 40348 | Gauntlet | Found a transporter.
 40349 | Gauntlet | Identified the +1 helmet of the Flute {rF+ Int+3}
 40393 | Gauntlet | Found a large runed translucent door.
 40394 | Gauntlet | Found a large runed translucent door.
 40395 | Gauntlet | Found a large runed translucent door.
 40395 | Gauntlet | Found a large runed translucent door.
 40396 | Gauntlet | Found a runed translucent gate.
 40397 | Gauntlet | Found a transporter.
 40397 | Gauntlet | Found a runed translucent gate.
 40398 | Gauntlet | Found a runed translucent gate.
 40399 | Gauntlet | Found a large runed translucent door.
 40399 | Gauntlet | Found a large runed translucent door.
 40400 | Gauntlet | Found a large runed translucent door.
 40401 | Gauntlet | Found a large runed translucent door.
 40409 | Gauntlet | Identified the ring "Janokeba" {Fly rC+ EV+4 Stlth-}
 40409 | Gauntlet | Found a transporter.
 40426 | Gauntlet | Found a transporter.
 40440 | Gauntlet | Found a large runed translucent door.
 40441 | Gauntlet | Found a large runed translucent door.
 40442 | Gauntlet | Found a large runed translucent door.
 40442 | Gauntlet | Found a large runed translucent door.
 40443 | Gauntlet | Found a runed translucent door.
 40444 | Gauntlet | Found a transporter.
 40445 | Gauntlet | Found a runed translucent door.
 40446 | Gauntlet | Found a large runed translucent door.
 40446 | Gauntlet | Found a large runed translucent door.
 40446 | Gauntlet | Found a transporter.
 40447 | Gauntlet | Found a large runed translucent door.
 40448 | Gauntlet | Found a large runed translucent door.
 40491 | Gauntlet | Found a transporter.
 40856 | Gauntlet | Identified the ring of the Salmon {Fire Fly rCorr SInv
                  | Stlth-}
 40910 | Gauntlet | Identified the +4 ring mail of Lies {rF- Dex+4 Stlth+}
 42135 | D:15     | Noticed Kirke
 42146 | D:15     | Killed Kirke
 42323 | D:15     | Identified the +1 robe of the End {Fly rF- Will+ Str+3}
 43258 | D:15     | Reached skill level 5 in Unarmed Combat
 44039 | Shoals:1 | Entered Level 1 of the Shoals
 46918 | Shoals:2 | Noticed a kraken
 46932 | Shoals:2 | Killed a kraken
 47933 | Shoals:3 | Reached XP level 18. HP: 53/155 MP: 0/0
 48667 | Shoals:3 | Noticed Ilsuiw
 49097 | Shoals:3 | Killed Ilsuiw
 50343 | Shoals:4 | Entered Level 4 of the Shoals
 51951 | Shoals:4 | Identified Iskyanta's Incunabulum of Stones and Stolen
                  | Souls
 52248 | Shoals:4 | Identified the +1 plate armour "Kikhled" {rF+ rCorr}
 52550 | Shoals:4 | Identified the +7 spear "Peisent" {freeze, Str+4 SInv
                  | Stlth+}
 52770 | Shoals:4 | Reached skill level 10 in Unarmed Combat
 52802 | Shoals:4 | Reached skill level 10 in Shields
 53089 | Shoals:4 | Got a barnacled rune of Zot
 53660 | Snake:1  | Entered Level 1 of the Snake Pit
 53731 | Snake:1  | Found Vuargh's Jewellery Shoppe.
 53756 | Snake:1  | Found Hiphaoth's Armour Emporium.
 53758 | Snake:1  | Found Poguwekh's Magic Scroll Shoppe.
 53762 | Snake:1  | Bought an amulet of reflection for 600 gold pieces
 53774 | Snake:1  | Bought a +2 pair of gloves for 214 gold pieces
 53849 | Snake:1  | Found Tauk's Antique Armour Emporium.
 53857 | Snake:1  | Bought a pair of embroidered gloves for 270 gold pieces
 53872 | Snake:1  | Acquired 976 gold pieces
 54491 | Snake:1  | Identified the +0 pair of boots "Mogh" {rN++ Str-5}
 55311 | Snake:2  | Reached XP level 19. HP: 131/158 MP: 0/0
 55311 | Snake:2  | Learned a level 6 spell: Iron Shot
 55739 | Snake:2  | Noticed Aizul
 55749 | Snake:2  | Killed Aizul
 57844 | Snake:3  | Noticed Louise
 57853 | Snake:3  | Killed Louise
 58699 | Snake:4  | Entered Level 4 of the Snake Pit
 58711 | Snake:4  | Reached ****** piety under Ashenzari
 60696 | Snake:4  | Found a shadowy altar of Dithmenos.
 61655 | Snake:3  | Identified the cursed +2 pair of gloves "Restrained
                  | Together" {Dex+3, Cun, Melee} (You bought it in a shop on
                  | level 1 of the Snake Pit)
 62138 | Snake:4  | Reached XP level 20. HP: 87/166 MP: 0/0
 63129 | Snake:4  | Got a serpentine rune of Zot
 63751 | Vaults:1 | Entered Level 1 of the Vaults
 63988 | Vaults:1 | HP: 3/166 [ironbound frostheart/frost (25)]
 63988 | Vaults:1 | Annihilated by an ironbound preserver

Illustrated notes

Levels and vault maps discovered:
D:1:      lemuel_arrival_funnel, layout_basic
D:2:      layout_loops_cross, ebering_ecumenical_altar_box, uniq_jessica,
          uniq_sigmund
D:3:      layout_loops_cross, grunt_temple_overflow_holy_war, minitemple,
          uniq_natasha, uniq_terence
D:4:      layout_loops_ring, chequers_arboretum
D:5:      layout_basic, lemuel_coloured_pillars_altar, uniq_duvessa
D:6:      layout_cave_pools, kennysheep_mini_moat, lemuel_round_altar,
          minmay_temple_entry_fiery
D:7:      layout_loops_ring, minmay_shattered_shrine
D:8:      minmay_octagon_keep, layout_cave_pools, gammafunk_ghost_grave
D:9:      minmay_weird_star, layout_basic, nicolae_overflow_hidden_temple
D:10:     layout_basic, david_orc_3, gammafunk_ghost_berserking_beasts,
          chequers_serial_rivers_large_b, uniq_psyche, uniq_urug
D:11:     layout_irregular_city, hangedman_abyss_or_decor_stagger
D:12:     minmay_statue_hallways, layout_basic
D:13:     layout_loops_corners, erik_vaults_1, gammafunk_ghost_split,
          serial_undead, serial_undead_e, serial_undead_a, serial_undead_d,
          serial_undead_a, enter_trove_3, uniq_nessos
D:14:     layout_cave_pods, hangedman_abyss_or_decor_lesser_grid,
          uniq_josephine, uniq_rupert, uniq_frances
D:15:     gammafunk_depths_entry_grave, layout_gridville, roderic_filled_cross,
          gauntlet_entry_generic, uniq_kirke
Lair:1:   layout_gridlike, grunt_megastairs_1, lemuel_fruit_tree,
          serial_bayou_shore_b
Lair:2:   layout_cave_pods, elwin_shoals_entry_rocks, uniq_fannar, uniq_maggie
Lair:3:   layout_cave_pods, minmay_snake_entry_guardpost_large,
          nicolae_volcano_entry_lava_flow, chequers_serial_rivers_marsh,
          minmay_lair_oklob_chamber
Lair:4:   layout_misc_corridors, beast_lair_carwin_5, grunt_megastairs_5,
          infiniplex_staircase_pool
Lair:5:   layout_cave_pods, slime_altar_1, grunt_forest_small_clearing_treed
Lair:6:   grunt_lair_end_beastmaster, layout_cave_pods, grunt_megastairs_3,
          serial_bayou_shore_b, infiniplex_staircase_pool_2,
          serial_bayou_shore_a
Shoals:1: layout_shoals, abandoned_shop
Shoals:2: layout_shoals, nicolae_shoals_goliath_grotto
Shoals:3: layout_shoals, uniq_ilsuiw
Shoals:4: shoals_end_grunt_ice, layout_shoals
Snake:1:  layout_chambers, serial_shops, nicolae_shop_waterfront,
          minmay_shop_star
Snake:2:  layout_onion_interference, grunt_megastairs_2, uniq_aizul
Snake:3:  layout_concentric_octagons, basic_altar, uniq_louise
Snake:4:  snake_pit, layout_cave_town, basic_altar, serial_bayou_shore_b
Orc:1:    layout_diamond_mine, uniq_nergalle, uniq_maurice
Orc:2:    grunt_orc_gardens, layout_caves, grunt_orc_garden, grunt_orc_garden,
          grunt_orc_garden, grunt_orc_garden, uniq_azrael
Vaults:1: nicolae_vaults_network_s, ontoclasm_vaults_gateway,
          hangedman_vaults_stitches, nicolae_vaults_windows_and_doors_thing,
          vaults_dpeg_encased_lava, ontoclasm_vaults_eye,
          nicolae_vaults_little_squares_3, ontoclasm_vaults_ring_square,
          v_misc_12, nicolae_vaults_angled_halls,
          vaults_room_grunt_arrival_ludios, grunt_vaults_hallway_short,
          layout_vaults_quadrants

Skill      XL: |  1  2  3  4  5  6  7  8  9 10 11 12 13 14 15 16 17 18 19 20 |
---------------+-------------------------------------------------------------+-----
Spellcasting   | 3 4 5 6 7 8 9 10 11 12 13 | 13.4
Dodging        | 4 5 6 8 10 12 13 | 13.8
Fighting       | 2 6 9 11 13 15 | 15.6
Shields        | 4 5 7 10 12 | 12.6
Armour         | 6 8 |  8.4
Stealth        | 6 8 |  8.6
Staves         | 1 5 6 |  6.0
Unarmed Combat | 7 11 13 14 | 14.7

Action                   |  1- 3 |  4- 6 |  7- 9 | 10-12 | 13-15 | 16-18 | 19-21 || total
-------------------------+-------+-------+-------+-------+-------+-------+-------++-------
Melee: Short sword       |       |       |     8 |       |       |       |       ||     8
       Staff             |       |       |     2 |     4 |    45 |    23 |     1 ||    75
       Unarmed           |       |       |       |       |       |    17 |    80 ||    97
       Punch             |       |       |       |       |       |       |     4 ||     4
 Cast: Shock             |    81 |    87 |    51 |     3 |       |       |       ||   222
       Summon Small Mamm |       |     5 |       |       |       |       |       ||     5
       Airstrike         |       |     3 |    55 |   137 |   395 |   747 |   287 ||  1624
       Poisonous Vapours |       |       |    81 |    50 |     5 |       |       ||   136
       Stone Arrow       |       |       |     3 |    17 |    35 |   123 |     1 ||   179
       Swiftness         |       |       |     1 |     1 |     2 |     1 |       ||     5
       Freezing Cloud    |       |       |       |    19 |   107 |   106 |    48 ||   280
       Lightning Bolt    |       |       |       |     5 |       |     4 |       ||     9
       Invisibility      |       |       |       |       |     3 |    12 |     2 ||    17
       Silence           |       |       |       |       |       |     3 |     1 ||     4
       Blade Hands       |       |       |       |       |       |     6 |     7 ||    13
       Iron Shot         |       |       |       |       |       |       |     5 ||     5
Invok: Curse Item        |       |       |     1 |     2 |     4 |     1 |     2 ||    10
       Shatter the Chain |       |       |       |       |       |     1 |     1 ||     2
Evoke: Wand              |       |       |       |       |       |     1 |       ||     1
  Use: Scroll            |       |       |     1 |       |     3 |     6 |     3 ||    13
       Potion            |       |       |       |     1 |       |     3 |     1 ||     5
 Stab: Invisible         |       |       |       |       |     1 |       |       ||     1
Armor: Robe              |     3 |     1 |    15 |     8 |    15 |    31 |    14 ||    87
Dodge: Dodged            |    10 |     5 |    33 |    31 |   112 |   259 |   137 ||   587
Block: Buckler           |       |       |       |     3 |    54 |    88 |    48 ||   193
       Reflection        |       |       |       |       |       |     1 |    39 ||    40
       Kite shield       |       |       |       |       |       |       |    26 ||    26
       Other             |       |       |       |       |       |       |    14 ||    14

Table legend: (Time is in decaauts)
 A = Elapsed time spent in this place.
 B = Non-inter-level travel time spent in this place.
 C = Inter-level travel time spent in this place.
 D = Time resting spent in this place.
 E = Time spent auto-exploring this place.
 F = Levels seen in this place.
 G = Mean time per level.
                   A        B        C        D        E       F      G
               +--------+--------+--------+--------+--------+-----+--------+
         Total |  64014 |  61821 |   2193 |  18258 |  36360 |  34 | 1882.8 |
       Dungeon |  27970 |  26861 |   1109 |   6836 |  17134 |  15 | 1864.7 |
          Lair |  11374 |  10854 |    520 |   1585 |   8066 |   6 | 1895.7 |
        Shoals |   9558 |   9399 |    159 |   3807 |   4774 |   4 | 2389.5 |
     Snake Pit |   9849 |   9610 |    239 |   3594 |   4745 |   4 | 2462.2 |
  Orcish Mines |   3582 |   3417 |    165 |   1522 |   1477 |   2 | 1791.0 |
        Vaults |    228 |    228 |      0 |     56 |    134 |   1 |  228.0 |
       Volcano |    374 |    374 |      0 |    204 |      0 |   1 |  374.0 |
      Gauntlet |   1076 |   1076 |      0 |    654 |     30 |   1 | 1076.0 |
               +--------+--------+--------+--------+--------+-----+--------+

Top non-repeatable levels by time:
 Snake:4: 4121 daAuts
Shoals:2: 3365 daAuts
  Lair:6: 3361 daAuts
    D:14: 3315 daAuts
 Snake:3: 2612 daAuts
Shoals:3: 2592 daAuts
Shoals:4: 2588 daAuts
    D:13: 2401 daAuts
   Orc:1: 2260 daAuts
    D:12: 2230 daAuts
    D:15: 2133 daAuts
     D:8: 2096 daAuts
  Lair:5: 2093 daAuts
     D:7: 1895 daAuts
     D:9: 1887 daAuts
